 Dungeon Crawl Stone Soup version 0.23-a0-516-g0f8c245 (webtiles) character file.

469 galech the Chopper (level 6, 10/48 HPs)
             Began as a Demonspawn Fighter on Dec 5, 2018.
             Quit the game on level 5 of the Dungeon.
             The game lasted 00:04:19 (3930 turns).

galech the Chopper (Demonspawn Fighter)             Turns: 3930, Time: 00:04:20

Health: 10/48      AC:  6    Str: 16    XL:     6   Next: 82%
Magic:  2/6        EV:  2    Int: 10    God:
Gold:   185        SH:  0    Dex: -9 (14) Spells: 5/5 levels left

rFire    . . .     SeeInvis .   a - +0 war axe
rCold    . . .     Gourm    .   c - +0 shield
rNeg     . . .     Faith    .   b - +0 scale mail
rPois    .         Spirit   +   (no helmet)
rElec    .         Reflect  .   (no cloak)
rCorr    .         Harm     .   (no gloves)
MR       .....                  (no boots)
Stlth    ..........             (no amulet)
HPRegen  0.16/turn              (no ring)
MPRegen  0.20/turn              (no ring)

@: slowed, lost dexterity, very slow
A: hooves 1, magic shield, magic regeneration
a: no special abilities


You were on level 5 of the Dungeon.
You were very hungry.

You visited 1 branch of the dungeon, and saw 5 of its levels.

You collected 185 gold pieces.

Inventory:

Hand Weapons
 a - a +0 war axe (weapon)
Armour
 b - a +0 scale mail (worn)
 c - a +0 shield (worn)
Jewellery
 g - a cursed amulet of inaccuracy {unknown}
Scrolls
 e - 3 scrolls of random uselessness {unknown}
 j - 4 scrolls of remove curse {unknown}
 k - a scroll of magic mapping {unknown}
 m - 3 scrolls of blinking {unknown}
 n - a scroll of fog {unknown}
 o - a scroll of teleportation {unknown}
 p - a scroll of fear {unknown}
 q - a scroll of identify {unknown}
Potions
 d - a potion of brilliance {unknown}
 h - 2 potions of heal wounds
 i - a potion of flight {unknown}
 l - a potion of resistance {unknown}
Comestibles
 f - 5 rations


   Skills:
 + Level 3.8 Fighting
 + Level 4.9 Axes
 + Level 3.6 Armour
 + Level 1.0 Dodging
 + Level 0.7 Stealth
 + Level 3.8 Shields


You had 5 spell levels left.
You didn't know any spells.
Your spell library was empty.

Dungeon Overview and Level Annotations

Branches:
Dungeon (5/15)
 Temple: D:4-7

Altars:
Ashenzari
Cheibriados
Elyvilon
Kikubaaqudgha
Ru
Vehumet
Yredelemnul

Annotations:
D:3 1 runed door


Innate Abilities, Weirdness & Mutations

You have large cloven feet.
When hurt, damage is shared between your health and your magic reserves.
You regenerate magic rapidly.


Message History

The quasit claws you.
You feel clumsy.
The quasit claws you but does no damage.
The quasit bites you but does no damage.
The quasit claws you but does no damage. x2
The quasit barely misses you.
The quasit claws you but does no damage.
The quasit claws you.
* * * LOW HITPOINT WARNING * * *
You feel clumsy.
Unknown command.
You miss the quasit.
The quasit is almost dead.
The quasit bites you but does no damage.
The quasit claws you but does no damage.
The quasit claws you.
* * * LOW HITPOINT WARNING * * *
The quasit completely misses you.
The quasit claws you but does no damage. x2
Are you sure you want to abandon this character and quit the game? (Confirm

##########
##+####.......?.
#...............
#+####...............
#....................
#...##....##.....##
#..[########.....#
#..5@†.........[.#
#...##...........####
#...# ...............
=.....
...............
........
...............
.......#
...###.....##..
.......# ...###.....#
## ####### ..
#....<..# #.......#


You could see a quasit.

Vanquished Creatures
  An ogre (D:4)
  A scorpion (D:4)
  A hound (D:2)
  2 orc priests (D:4)
  2 worker ants
  A hound skeleton (D:4)
  3 gnolls (D:3)
  4 adders
  An adder zombie (D:3)
  3 worms
  A dart slug (D:1)
  2 leopard geckos (D:4)
  12 orcs
  A ball python (D:2)
  4 bat skeletons (D:2)
  A bat zombie (D:2)
  3 giant cockroaches (D:2)
  5 goblins (D:1)
  10 hobgoblins
  8 jackals
  8 kobolds
  10 bats
  5 frilled lizards
  A quokka skeleton (D:4)
  8 rats
98 creatures vanquished.

Notes
Turn   | Place    | Note
-------+----------+-------------------------------------------
     0 | D:1      | galech the Demonspawn Fighter began the quest for the Orb.
     0 | D:1      | Reached XP level 1. HP: 18/18 MP: 1/1
    99 | D:1      | Reached skill level 2 in Axes
    99 | D:1      | Gained mutation: When hurt, damage is shared between your
                  | health and your magic reserves. [demonic ancestry]
    99 | D:1      | Reached XP level 2. HP: 17/24 MP: 2/2
   645 | D:1      | Gained mutation: You have large cloven feet. [demonic
                  | ancestry]
   645 | D:1      | Reached XP level 3. HP: 28/29 MP: 3/3
   993 | D:2      | Gained mutation: You regenerate magic rapidly. [demonic
                  | ancestry]
   993 | D:2      | Reached XP level 4. HP: 30/35 MP: 4/4
  1079 | D:2      | Reached skill level 3 in Axes
  1141 | D:2      | Found an ancient bone altar of Kikubaaqudgha.
  1301 | D:2      | Found a shattered altar of Ashenzari.
  1613 | D:3      | Found a runed door.
  1614 | D:3      | Noticed a human
  1618 | D:3      | Found a basalt altar of Yredelemnul.
  1760 | D:3      | Reached XP level 5. HP: 25/41 MP: 2/5
  1762 | D:3      | HP: 2/41 [gnoll/+0 spear (4)]
  2122 | D:3      | Found a radiant altar of Vehumet.
  2215 | D:3      | Found a white marble altar of Elyvilon.
  2274 | D:3      | Found a snail-covered altar of Cheibriados.
  2649 | D:4      | Noticed an ogre
  2656 | D:4      | Killed an ogre
  2656 | D:4      | Reached skill level 4 in Axes
  2656 | D:4      | Reached XP level 6. HP: 35/48 MP: 6/6
  2740 | D:4      | Found a sacrificial altar of Ru.
  3159 | D:4      | Reached skill level 1 in Dodging
  3850 | D:5      | Entered Level 5 of the Dungeon
  3906 | D:5      | Lost dexterity.
  3908 | D:5      | HP: 2/48 [quasit (1)]
  3930 | D:5      | Quit the game

Vault maps used:
D:1:      dpeg_arrival_long_road, minmay_tromino_i2
D:2:      kennysheep_vampire_church, evilmike_ruin_ashenzari, minmay_unequal
D:3:      nicolae_overflow_crystal_walls, marbit_many_paths, elyvilon_altar_5,
          first_ration, dk_yredelemnul_ordeal
D:4:      old_standard_altar, serial_curves, eino_curves_03, eino_curves_03
D:5:      overflow_temple_1_default

Skill      XL: |  1  2  3  4  5  6 |
---------------+-------------------+-----
Axes           | 2 3 4 |  4.9
Shields        | 3 |  3.8
Armour         | 3 |  3.6
Dodging        | 1 |  1.0
Fighting       | |  3.8
Stealth        | |  0.7

Action                   |  1- 3 |  4- 6 || total
-------------------------+-------+-------++-------
Melee: War axe           |   102 |   221 ||   323
       Kick              |     6 |    40 ||    46
  Use: Potion            |       |     3 ||     3
 Stab: Distracted        |       |     1 ||     1
  Eat: Chunk             |       |     9 ||     9
Armor: Scale mail        |    57 |   257 ||   314
Dodge: Dodged            |    29 |    84 ||   113
Block: Shield            |    59 |   127 ||   186

Table legend:
 A = Non-vault XP
 B = Vault XP
 C = Vault XP percentage of total XP
 D = Non-vault monster count
 E = Vault monster count
 F = Vault count percentage of total count
                 A         B        C        D         E       F
            +---------+---------+-------+---------+---------+-------
      Total |     652 |      19 |   2.8 |      87 |      11 |  11.2
            +---------+---------+-------+---------+---------+-------
        D:1 |      49 |       2 |   3.9 |      28 |       2 |   6.7
        D:2 |     113 |      16 |  12.4 |      21 |       8 |  27.6
        D:3 |      86 |       1 |   1.1 |      20 |       1 |   4.8
        D:4 |     370 |       0 |   0.0 |      17 |       0 |   0.0
        D:5 |      34 |       0 |   0.0 |       1 |       0 |   0.0
            +---------+---------+-------+---------+---------+-------
